 Dungeon Crawl Stone Soup version 0.29.1-15-g9cfb28693d (webtiles) character file.

Game seed: 17062665435622918699

235 Ast3rio the Ducker (level 6, 0/40 HPs)
             Began as a Djinni Necromancer on Mar 14, 2023.
             Frozen to death by an endoplasm (6 damage)
             ... on level 3 of the Dungeon.
             The game lasted 00:04:44 (3480 turns).

Ast3rio the Ducker (Djinni Necromancer)             Turns: 3480, Time: 00:04:46

Health: 0/40       AC:  2    Str:  7    XL:     6   Next: 27%
Gold:   96         EV: 13    Int: 18    God:
                   SH:  0    Dex: 14

rFire   + + .      SeeInvis .   d - staff of conjuration
rCold   x . .      Faith    .   (no shield)
rNeg    . . .      Spirit   .   a - +0 robe
rPois   ∞          Reflect  .   (no helmet)
rElec   .          Harm     .   (no cloak)
rCorr   .          Rampage  .   (no gloves)
Will    .....                   (boots unavailable)
Stlth   ++........              (no amulet)
HPRegen 0.13/turn               (no ring)
MPRegen 0.00/turn               (no ring)

@: flying
A: sickness immunity, fire resistance 2, cold vulnerability 1, float, innate
caster, HP casting, extra vitality 1
a: no special abilities


You were on level 3 of the Dungeon.
You visited 1 branch of the dungeon, and saw 3 of its levels.

You collected 96 gold pieces.

Inventory:

Armour
 a - a +0 robe (worn)
Magical Staves
 d - a staff of conjuration (weapon)
Scrolls
 c - a scroll of noise {unknown}
 e - 2 scrolls of blinking {unknown}
 f - a scroll of vulnerability {unknown}
 g - 2 scrolls of teleportation {unknown}
 i - a scroll of butterflies {unknown}
 k - a scroll of silence {unknown}
 l - a scroll of poison {unknown}
 m - 3 scrolls of identify {unknown}
Potions
 b - 2 potions of heal wounds {unknown}
 h - a potion of flight {unknown}
 j - 3 potions of might {unknown}
 n - a potion of attraction {unknown}


   Skills:
 + Level 4.2 Dodging
 + Level 3.3 Stealth
 + Level 4.1 Spellcasting


You couldn't memorise any spells.
You knew the following spells:

 Your Spells              Type           Power      Damage    Failure   Level
a - Necrotise             Necr           72%        1d7       2%          1
b - Vampiric Draining     Necr           18%        2d7       8%          3
c - Animate Dead          Necr           18%        N/A       26%         4
d - Agony                 Necr           18%        N/A       58%         5
e - Magic Dart            Conj           100%       1d8       2%          1
f - Searing Ray           Conj           56%        2d6       4%          2
Your spell library was empty.

Dungeon Overview and Level Annotations

Branches:
Dungeon (3/15)

Altars:
Elyvilon
Yredelemnul


Innate Abilities, Weirdness & Mutations

You are immune to sickness and miasma.
You are immune to poison.
Your flesh is very heat resistant. (rF++)
You are vulnerable to cold. (rC-)
You float through the air rather than walking.
You learn spells naturally, not from books.
Your magical power is your life essence.
You have superior vitality. (+4 MHP)


Message History

The endoplasm quivers.
The ogre writhes in agony.
The ogre barely misses you.
An endoplasm comes into view.
The ogre barely resists.
A dart slug comes into view.
The ogre writhes in agony.
The ogre misses you.
The ogre writhes in agony.
The ogre hits you with a +0 giant club!!
You are too injured to fight recklessly!
You are too injured to fight recklessly!
You are too injured to fight recklessly!
Casting: Necrotise (safe; 2% risk of failure)
Confirm with . or Enter, or press ? or * to list all spells.
Aiming: Necrotise (safe; 2% risk of failure)
Press: ? - help, Shift-Dir - straight line, f/p - ogre
Aim: an ogre, wielding a +0 giant club (moderately wounded, chance to affect: 76%)
The ogre writhes in agony.
Casting: Necrotise (safe; 2% risk of failure)
Confirm with . or Enter, or press ? or * to list all spells.
Aiming: Necrotise (safe; 2% risk of failure)
Press: ? - help, Shift-Dir - straight line, f/p - ogre
Aim: an ogre, wielding a +0 giant club (heavily wounded, chance to affect: 76%)
The ogre writhes in agony!
The ogre barely misses you. The dart slug bites you.
You hit the ogre.
The ogre is almost dead.
The dart slug barely misses you. The ogre closely misses you.
You hit the ogre but do no damage.
The ogre is almost dead.
The dart slug bites you but does no damage.
The ogre closely misses you.
You hit the ogre.
The ogre is almost dead.
The dart slug bites you but does no damage.
You hit the ogre but do no damage.
The ogre is almost dead.
The ogre hits you with a +0 giant club!
* * * LOW HITPOINT WARNING * * *
The endoplasm freezes you.
You are frozen.
You feel a terrible chill!
You die...

##. #.# #...# ##.[
#####.###...# ###...
#......##..## # .....
....###.<#...#♣ .. #...
## #..#..##♣ #..##..
#.....#♣.
.....#.#########.....#..
#....JwO..)........<...♣
#..?.#J@.........##....#
#.. ##############....#
# ########.#..#
............#
########.##.# #.#..#
#.#... #.#.## #.#.##


You could see an ogre, a dart slug and 2 endoplasms.

Vanquished Creatures
  Sigmund (D:2)
  2 adders (D:2)
  A dart slug (D:1)
  3 ball pythons (D:1)
  5 endoplasms
  3 giant cockroaches (D:1)
  8 goblins
  6 hobgoblins
  4 jackals (D:3)
  A quokka (D:2)
  3 bats
  4 frilled lizards
  3 kobolds
  7 rats
51 creatures vanquished.

Notes
Turn   | Place    | Note
-------+----------+-------------------------------------------
     0 | D:1      | Ast3rio the Djinni Necromancer began the quest for the Orb.
     0 | D:1      | Ast3rio set off with the following spells memorised:
                  | Necrotise, Vampiric Draining, Animate Dead, Agony.
     0 | D:1      | Reached XP level 1. HP: 15/15 MP: 0/0
   354 | D:1      | Reached XP level 2. HP: 15/21 MP: 0/0
   981 | D:1      | Reached XP level 3. HP: 24/25 MP: 0/0
   981 | D:1      | Learned a level 1 spell: Magic Dart
  1204 | D:1      | Found a faded altar of an unknown god.
  1868 | D:2      | Noticed Sigmund
  1888 | D:2      | Killed Sigmund
  1889 | D:2      | Reached XP level 4. HP: 13/31 MP: 0/0
  1889 | D:2      | Reached XP level 5. HP: 14/35 MP: 0/0
  1889 | D:2      | Learned a level 2 spell: Searing Ray
  1889 | D:2      | Reached XP level 6. HP: 16/40 MP: 0/0
  3334 | D:3      | Found a basalt altar of Yredelemnul.
  3409 | D:3      | Found a white marble altar of Elyvilon.
  3468 | D:3      | Noticed an ogre
  3480 | D:3      | Frozen to death by an endoplasm

Illustrated notes

Levels and vault maps discovered:
D:1:      pf_arrival_petrified_forest, layout_basic,
          ebering_ecumenical_altar_hall
D:2:      layout_loops_cross, uniq_sigmund
D:3:      layout_loops_ring, fiery_altar_vehumet, kennysheep_ying_yang,
          lemuel_flame_loot_1, uniq_grinder, uniq_terence

Skill      XL: |  1  2  3 |
---------------+----------+-----
Stealth        | 2 3 |  3.3
Dodging        | 4 |  4.2
Spellcasting   | 4 |  4.1

Action                   |  1- 3 |  4- 6 || total
-------------------------+-------+-------++-------
Melee: Staff             |    11 |    22 ||    33
 Cast: Necrotise         |    52 |    44 ||    96
 Stab: Sleeping          |       |     1 ||     1
Armor: Robe              |     7 |    10 ||    17
Dodge: Dodged            |    15 |    35 ||    50
